 Dungeon Crawl Stone Soup version 0.16.2-12-gd0ad4c3 (webtiles) character file.

494 Seneschal the Ducker (level 6, 0/57 HPs)
             Began as a Minotaur Monk on Sept 24, 2015.
             Succumbed to a worker ant's poison
             ... on level 4 of the Dungeon.
             The game lasted 00:09:44 (2863 turns).

Seneschal the Ducker (Minotaur Monk)                Turns: 2863, Time: 00:09:44

Health: 0/57       AC:  6    Str: 18    XL:     6   Next: 92%
Magic:  3/3        EV: 15    Int:  7    God:
Gold:   105        SH:  0    Dex: 16    Spells: 0 memorised, 5 levels left

rFire  . . .     SeeInvis .       - Unarmed
rCold  . . .     Clarity  .     r - +3 leather armour
rNeg   . . .     SustAb   .     (no shield)
rPois  .         Gourm    .     (helmet restricted)
rElec  .         Spirit   .     (no cloak)
rCorr  .         Warding  .     (no gloves)
rMut   .         Stasis   .     (no boots)
MR     .....                    (no amulet)
Stlth  ++........               j - ring of flight
                                p - +4 ring of dexterity

@: lethally poisoned (0 -> -5), very slightly contaminated, not resistant to
hostile enchantments, unstealthy
A: retaliatory headbutt, horns 2
a: Evoke Flight


You were on level 4 of the Dungeon.
You were not hungry.

You visited 1 branch of the dungeon, and saw 4 of its levels.

You collected 105 gold pieces.

Inventory:

Armour
 a - a +1 robe
 o - a +0 robe
 r - a +3 leather armour (worn)
Jewellery
 j - a ring of flight (right hand)
 p - a +4 ring of dexterity (left hand)
Scrolls
 d - a scroll of magic mapping
 e - 3 scrolls of identify {unknown}
 k - 2 scrolls of remove curse {unknown}
Potions
 c - a potion of heal wounds {unknown}
 g - a potion of flight
 h - a potion of agility
 s - a potion of might {unknown}
 t - a potion of brilliance {unknown}
Comestibles
 b - a bread ration
 f - a royal jelly


   Skills:
 * Level 5.8 Fighting
 * Level 1.7 Armour
 * Level 6.0 Dodging
 - Level 1.5 Stealth
 + Level 5.9 Unarmed Combat


You had 5 spell levels left.
You didn't know any spells.

Dungeon Overview and Level Annotations

Branches:
Dungeon (4/15)
 Temple: D:4-7

Altars:
Sif Muna
Trog


Innate Abilities, Weirdness & Mutations

You reflexively headbutt those who attack you in melee.
You have a pair of horns on your head.


Message History

It was a scroll of blinking.
* * * LOW HITPOINT WARNING * * *
You feel sick.
Read which item? (? for menu, Esc to quit)
As you read the scroll labeled BEWKEFFATIGH, it crumbles to dust.
The creatures around you are filled with an inner flame!
It was a scroll of immolation.
Unknown command.
Read which item? (? for menu, Esc to quit)
As you read the scroll labeled BLAMEN DEIHIM, it crumbles to dust.
It is a scroll of enchant armour.
Enchant which item? (? for menu, Esc to quit)
Your +0 robe glows green for a moment.
* * * LOW HITPOINT WARNING * * *
You feel sick.
Read which item? (? for menu, Esc to quit)
As you read the scroll labeled KAYDEI NUSO, it crumbles to dust.
You feel aware of your surroundings.
You sensed 1 altar.
It was a scroll of magic mapping.
You die...

..........)..........#***,,,,,,*
...#.................# ****,,,*
...................###******,,,*
#.........<..##....###*,,,,,,,,*
##...........###.....#*,****,,,*
###..........###†.#####.# *****
#.......................#
................##..:.>##
#............##.@#.....#
###.......##..........##
#.......######.#...<#
#.......##..,.......#
#..#.......**#a.....#
###.##....######..[.###
..#....O.a##..##....#
..rKO..r.g..........#
.........gb.........#


You could see a worker ant (inner flame).

Vanquished Creatures
  An ogre (D:4)
  The ghost of Typee the Magician, an average DEWz (D:3)
  A crimson imp (D:3)
  2 orc priests (D:3)
  4 orc wizards (D:3)
  4 adders
  6 worms
  3 oozes
  11 orcs (D:3)
  A ball python (D:1)
  10 giant cockroaches
  6 goblins
  13 hobgoblins
  4 jackals
  2 quokkas (D:3)
  8 bats
  4 giant newts
  9 kobolds
  4 rats
94 creatures vanquished.

Vanquished Creatures (others)
  5 butterflies (D:4)
5 creatures vanquished.

Grand Total: 99 creatures vanquished

Notes
Turn   | Place    | Note
--------------------------------------------------------------
     0 | D:1      | Seneschal, the Minotaur Monk, began the quest for the Orb.
     0 | D:1      | Reached XP level 1. HP: 19/19 MP: 1/1
   117 | D:1      | Reached XP level 2. HP: 24/27 MP: 1/1
   580 | D:1      | Reached XP level 3. HP: 25/33 MP: 2/2
   754 | D:2      | Reached skill level 5 in Unarmed Combat
  1025 | D:2      | Reached XP level 4. HP: 23/40 MP: 2/2
  1062 | D:2      | Found a bloodstained altar of Trog.
  1667 | D:3      | Reached XP level 5. HP: 36/47 MP: 2/2
  1971 | D:3      | Reached skill level 5 in Fighting
  1971 | D:3      | Reached skill level 5 in Dodging
  2252 | D:3      | Noticed Typee's ghost (average DEWz)
  2268 | D:3      | Killed Typee's ghost
  2268 | D:3      | Reached skill level 1 in Armour
  2268 | D:3      | Reached XP level 6. HP: 16/56 MP: 3/3
  2270 | D:3      | Found a deep blue altar of Sif Muna.
  2823 | D:4      | Reached skill level 6 in Dodging
  2859 | D:4      | HP: 2/57 [worker ant (1)]
  2863 | D:4      | Succumbed to a worker ant's poison

Action                   |  1- 3 |  4- 6 || total
-------------------------+-------+-------++-------
Melee: Unarmed           |   105 |   164 ||   269
  Use: Potion            |       |     4 ||     4
       Scroll            |       |     6 ||     6
 Stab: Sleeping          |     3 |     1 ||     4
  Eat: Chunk             |       |     2 ||     2
       Bread ration      |       |     1 ||     1
